[Event "French-ch Youth U18 2022"]
[Site "Agen"]
[Date "2022.04.18"]
[Round "2.1"]
[White "Briand, Amaury"]
[Black "Girel, Joseph"]
[Result "0-1"]
[ECO "B23"]
[WhiteElo "1878"]
[BlackElo "2394"]
[Annotator "TA"]
[PlyCount "61"]
[EventDate "2022.04.17"]
[EventType "swiss"]
[EventCountry "FRA"]
[SourceTitle "playchess.com"]
[Source "ChessBase"]
[SourceQuality "1"]
[TimeControl "5400+30"]

1. e4 c5 2. Nc3 e6 3. Nge2 Nc6 4. g3 d5 5. exd5 exd5 6. d4 cxd4 7. Nxd4 Nf6 8. Bg2 Bg4 9. f3 {[%emt 0:01:17] B24: Closed Sicilian: 3 g3 sidelines.} Bd7 10. O-O Bc5 {[%emt 0:04:37] [#]} 11. Be3 $146 {White is slightly better.} ({Predecessor:} 11. Re1+ Kf8 12. Be3 Bb6 13. Qd2 h5 14. Nce2 h4 15. g4 h3 16. Bh1 Ne5 17. Rad1 {1-0 (34) Strick van Linschoten,H-Addicks,J Netherlands 1928}) 11... O-O {Black wants to play ...Qb6.} 12. Kh1 {[%emt 0:09:15] Hoping for Nxc6.} Bb6 13. Bf2 Rc8 14. g4 h6 15. Nb3 Bxf2 16. Rxf2 d4 17. Ne2 Qb6 (17... d3 $15 18. cxd3 Be6) 18. Nexd4 $11 a5 19. c3 a4 20. Nc1 {[%emt 0:00:31] [#]} (20. Nxc6 $1 $15 Qxf2 21. Ne7+ Kh8 22. Nxc8) 20... Rfe8 $1 $17 21. Qd2 Nxd4 22. cxd4 Bb5 {[%emt 0:00:07] &Nero is much more active.} ({Black should try} 22... Rc4 $17 23. Ne2 Nd5) 23. Bf1 Bc6 (23... Bxf1 $17 24. Rxf1 Nd5) 24. Kg1 $15 Rcd8 $36 {[%emt 0:01:00][%cal Bc8d8,Bd8d4,Bd4f4][%mdl 2080] Black is pushing.} 25. Ne2 Nd5 26. Nc3 $2 {[%emt 0:11:32][%mdl 8192] Loses the game.} (26. Rc1 $15) 26... Ne3 $19 27. Re1 {[%emt 0:00:48] [#]} Rxd4 $1 28. Qc1 Re6 {[%emt 0:04:55][%cal Od4g4] And now ...Rxg4+! would win.} 29. Rxe3 (29. Ne2 $142 Rb4 30. Ng3) 29... Rxe3 30. f4 {[%emt 0:00:49] [#]} (30. Qxe3 $19 Rxg4+ 31. fxg4 Qxe3 32. a3) 30... Rxf4 $3 31. Nb1 {Weighted Error Value: White=0.71/Black=0.08 (flawless)} (31. Qd2 Rxg4+) 0-1

[Event "French-ch Youth U18 2022"]
[Site "Agen"]
[Date "2022.04.18"]
[Round "2.2"]
[White "Decuigniere, Tom"]
[Black "Leroi, Matthieu"]
[Result "1/2-1/2"]
[ECO "A88"]
[WhiteElo "2292"]
[BlackElo "1929"]
[Annotator "TA"]
[PlyCount "77"]
[EventDate "2022.04.17"]
[EventType "swiss"]
[EventCountry "FRA"]
[SourceTitle "playchess.com"]
[Source "ChessBase"]
[SourceQuality "1"]
[TimeControl "5400+30"]

1. d4 f5 2. c4 Nf6 3. Nc3 d6 4. g3 g6 5. Bg2 Bg7 6. Nf3 O-O 7. O-O c6 8. d5 e5 9. dxe6 Bxe6 10. Qd3 Na6 11. Bf4 d5 12. Ng5 Re8 {[%emt 0:05:49] A88: Dutch Defence: Leningrad System: 5 Nf3 0-0 6 0-0 d6 7 Nc3 c6.} (12... Nc5 $11 {keeps the balance.} 13. Qc2 d4) 13. Nxe6 $16 {[%emt 0:03:18] &Bianco is more active.} Rxe6 14. cxd5 Nb4 {[%emt 0:06:29][%csl LRd3,LRd5] White is better.} 15. Qc4 Nbxd5 16. Rad1 {[%emt 0:04:38][%cal Rc3d5] [#]} Qe7 $146 (16... Rc8 $16) ({Predecessor:} 16... Kh8 17. Nxd5 cxd5 18. Bxd5 Nxd5 19. Rxd5 Qe7 20. Rfd1 Re4 21. Qd3 h6 22. Rd7 Qb4 23. Qd5 Rxe2 24. Rxg7 Qb6 25. Be3 Rxe3 26. Qf7 {1-0 (26) Kuberczyk,C (2177)-Schaefer,M (2001) Kiel 2017}) 17. Rxd5 $18 (17. Bxd5 cxd5 18. Nxd5 Nxd5 19. Rxd5 (19. Qxd5 Bf6 $16) 19... Re8) 17... cxd5 18. Nxd5 Qf7 19. Nxf6+ ({Don't do} 19. Nc7 Rae8 20. Rc1 (20. Nxe6 Qxe6 21. Qxe6+ Rxe6 $16) (20. Nxe8 Rxe8 21. Qxf7+ Kxf7 $16) (20. Bxb7 Rxe2 21. Qxf7+ Kxf7 $16) 20... Rxe2) 19... Qxf6 20. Bd5 {[%emt 0:03:30] A strong pair of Bishops.} Rae8 {[%emt 0:00:30] [#]} 21. Rd1 $1 Kf8 22. Bxe6 ({Better is} 22. Bd2 $18) 22... Qxe6 $16 23. Qxe6 Rxe6 $18 {[%emt 0:00:07][%mdl 4096] Endgame KRB-KRB} 24. Rd8+ Ke7 25. Rb8 Rb6 26. b3 a6 27. Rc8 Rc6 28. Rxc6 bxc6 $16 {[%emt 0:00:01] KB-KB} 29. f3 Ke6 30. Kf2 Kd5 31. Ke3 Bd4+ 32. Kd3 {[%emt 0:00:06] [#] Hoping for e4+.} Bg1 (32... Bf6 $16 33. e4+ fxe4+ 34. fxe4+ Ke6) 33. e4+ $18 fxe4+ 34. fxe4+ Ke6 35. h3 {[%emt 0:00:10] Be3 is the strong threat.} Kf6 $2 {[%emt 0:01:05][%mdl 8192] A mistake that costs the game.} (35... Bc5 $16 36. Kc4 Bb6) 36. Be3 {[%emt 0:00:43] White is clearly winning.} Bh2 37. Bf2 g5 38. Ke3 h5 39. Kf3 {[%emt 0:00:07][%mdl 32768] Weighted Error Value: White=0.11 (very precise) /Black=0.25 (precise) . An unexpected result.} 1/2-1/2

[Event "French-ch Youth U18 2022"]
[Site "Agen"]
[Date "2022.04.18"]
[Round "2.3"]
[White "Rebut, Paul"]
[Black "Mathieu, Phileas"]
[Result "1/2-1/2"]
[ECO "A45"]
[WhiteElo "2001"]
[BlackElo "2323"]
[Annotator "TA"]
[PlyCount "99"]
[EventDate "2022.04.17"]
[EventType "swiss"]
[EventCountry "FRA"]
[SourceTitle "playchess.com"]
[Source "ChessBase"]
[SourceQuality "1"]
[TimeControl "5400+30"]

1. d4 Nf6 2. Bf4 d6 3. Nc3 Nbd7 4. Nf3 c5 5. e3 g6 6. Qd2 {[%emt 0:03:17] A45: Trompowsky Attack.} Bg7 7. Be2 O-O 8. O-O a6 {[%emt 0:13:36] [#]} 9. a4 $146 ({Predecessor:} 9. e4 cxd4 10. Nxd4 e5 11. Nf5 gxf5 12. Bh6 Ne8 13. Nd5 Ndf6 14. Qg5 Be6 15. Bxg7 Nxg7 16. Nxf6+ Kh8 17. Qh6 {1-0 (17) Cheung,J-Laugery,D Mingara 2000}) 9... cxd4 10. exd4 Nb6 (10... Qc7 $11) 11. a5 $14 Nbd5 12. Nxd5 Nxd5 13. Bh6 Nf6 14. Bxg7 {[%emt 0:04:00] &Bianco is more active.} Kxg7 15. Bd3 Bg4 16. Qf4 Qd7 17. Nd2 Bf5 18. Bxf5 Qxf5 19. Qxf5 gxf5 20. Rfe1 Rfe8 21. Ra3 Rac8 22. Rg3+ Kf8 23. c3 e6 24. Kf1 Ke7 25. c4 Rg8 26. Rxg8 Rxg8 {[%emt 0:02:17][%mdl 4096] Endgame KRN-KRN} 27. b4 Rc8 28. Rb1 Ne4 29. Nxe4 fxe4 $11 {KR-KR} 30. c5 e5 (30... h5 $11 {remains equal.}) 31. dxe5 $16 dxe5 ({Black should play} 31... dxc5 $14 32. bxc5 Rc7) 32. Rd1 {[%emt 0:00:26] Strongly threatening Rd5.} Rc6 (32... f5 $16 {keeps fighting.}) 33. Ke2 $18 f5 34. Rd5 Re6 35. g3 h5 36. Kd2 (36. Ke3 $18) 36... Ke8 (36... h4 $142) 37. Kc3 Ke7 38. Kc4 f4 {[%emt 0:00:01] [#]} 39. Rd1 ({Much weaker is} 39. gxf4 $6 exf4 40. Rd1 (40. Rxh5 $2 e3 $19) 40... h4 $11) ({White must play} 39. Kc3 $1 $16) 39... Rg6 (39... Kf6 $1 $11) 40. gxf4 exf4 (40... Rg2 $1 $14) 41. Re1 $16 e3 42. fxe3 fxe3 (42... f3 $16) 43. Rxe3+ $18 Kd7 44. Re5 $2 {[%emt 0:00:28] [#]} (44. h3 $18) 44... Rg4+ $11 {[%emt 0:00:07] The position is equal.} 45. Kd5 Rh4 46. Rg5 Rxh2 47. c6+ bxc6+ 48. Kc5 Rc2+ 49. Kb6 Rc4 50. Rxh5 {[%emt 0:00:15] Weighted Error Value: White=0.16 (very precise) /Black=0.18 (very precise)} 1/2-1/2

[Event "French-ch Youth U18 2022"]
[Site "Agen"]
[Date "2022.04.18"]
[Round "2.4"]
[White "Nottola, Adrien"]
[Black "Arcelin, Gael"]
[Result "0-1"]
[ECO "B33"]
[WhiteElo "2291"]
[BlackElo "1934"]
[Annotator "TA"]
[PlyCount "85"]
[EventDate "2022.04.17"]
[EventType "swiss"]
[EventCountry "FRA"]
[SourceTitle "playchess.com"]
[Source "ChessBase"]
[SourceQuality "1"]
[TimeControl "5400+30"]

1. e4 c5 2. Nf3 Nc6 3. d4 cxd4 4. Nxd4 Nf6 5. Nc3 e5 6. Ndb5 d6 7. Bg5 a6 8. Na3 b5 9. Nd5 Be7 10. Bxf6 Bxf6 11. c3 Bg5 12. Nc2 Rb8 13. a3 a5 {[%emt 0:05:08] B33: Sicilian: Pelikan and Sveshnikov Variations.} 14. Bd3 Ne7 15. Qe2 {[%emt 0:00:25] [#]} Nxd5 $146 {[%emt 0:03:32] The position is equal.} ({Predecessor:} 15... Bd7 16. Nce3 Bxe3 17. Nxe3 O-O 18. O-O Qc7 19. Kh1 Qc5 20. Rfc1 Rfc8 21. Qd2 {½-½ (49) Lanka,Z (2575)-Schebler,G (2435) Germany 1997}) 16. exd5 Bd7 17. Nd4 Qb6 {[%emt 0:01:16] Prevents Nc6.} 18. h4 Be7 19. Nf5 Bxf5 20. Bxf5 g6 21. Bc2 Qc5 (21... h5 $15) 22. h5 $11 Kd7 23. O-O (23. Qf3 f5 $15) ({White should try} 23. Bd3 $14) 23... f5 24. b4 Qxc3 25. Bd3 Bg5 $1 26. Bxb5+ Ke7 27. Bc6 axb4 {[%emt 0:04:59] Active counter play!} 28. axb4 Qxb4 29. Ra7+ Kf6 30. Rfa1 (30. Rd7 $11) 30... h6 ({Black should play} 30... e4 $17 {With the idea ...Qd4.} 31. g3 Qd2) 31. hxg6 Kxg6 32. Bd7 {[%emt 0:01:16] Threatens to win with R7a4.} Qd4 {[%emt 0:04:12] [#]} (32... h5 $15) 33. Qf3 (33. Bxf5+ $1 $14 Kxf5 34. Qf3+ Qf4 35. Rf7+ Bf6 36. Qh5+ Qg5 37. g4+ Kf4 38. Ra4+ e4 39. Qh2+ Kxg4 40. Rxf6 $1 Qxf6 41. Rxe4+ Kf5 42. Rf4+ Kg6 43. Rxf6+ Kxf6 44. Qxd6+ Kg5 45. Qe5+ Kg6 46. Qe4+ Kf6 47. Qe6+ Kg7 48. Qg4+ Kf6 49. Qf4+ Kg6 50. Qe4+ Kg7 51. Qg4+ Kf6 52. Qf4+ Kg6 53. Qe4+) 33... Rhf8 $1 $15 34. R7a4 Rb4 (34... Qc5 $5 ) 35. Ra8 {[%emt 0:01:17] [#]} e4 36. Qh3 $2 {[%emt 0:01:13][%mdl 8192] [#]} (36. Qg3 $2 Rxa8 37. Bxf5+ (37. Qxd6+ $2 Kg7 $19) 37... Kxf5 $19) (36. Qa3 $11 e3 37. Rxf8 exf2+ 38. Kf1 Qc4+ 39. Kxf2 Qc5+ 40. Kg3 Rg4+ 41. Kh3 Rh4+ 42. Kg3 Rg4+ 43. Kh3 Rh4+ 44. Kg3 Rg4+) 36... Rb7 $1 37. R8a4 $19 Rb4 (37... Qxd5 38. Ra5 Qd4 39. Bxf5+ Kg7 40. R5a4 $17) (37... Qe5 38. Be6 Rb4 $1) 38. Ra8 $1 {[%emt 0:00:27] [#]} Rb7 $2 39. Be6 $2 {[%emt 0:00:15][%mdl 8192] [#]} (39. R8a4 $11 Qd3 40. Qxd3 exd3 41. Bc6) 39... e3 $1 {[%emt 0:00:53][%mdl 512] And now ...Rxa8 would win.} 40. fxe3 (40. R8a3 Rb3) 40... Bxe3+ ({And not} 40... Qxe3+ 41. Qxe3 Bxe3+ 42. Kf1 $17) 41. Kh1 Bf4 {[%emt 0:00:39] Against Qg3+} (41... Rxa8 42. Rf1 (42. Qxf5+ $2 Kg7 $19) 42... Kg7 43. Qxf5 Qh4+ 44. Qh3 Ra4) 42. R8a4 {[%emt 0:00:42] [#]} (42. R8a3 $19 Qe4 43. Rf1) 42... Qxa1+ $4 43. Rxa1 {[%emt 0:00:28][%mdl 32768] Quite a comeback for White.  Weighted Error Value: White=0.73/Black=0.90. Loss on time!?} 0-1

[Event "French-ch Youth U18 2022"]
[Site "Agen"]
[Date "2022.04.18"]
[Round "2.5"]
[White "Lordier, Sophia"]
[Black "Randrianarimanana, Alicia"]
[Result "1/2-1/2"]
[ECO "D71"]
[WhiteElo "1725"]
[BlackElo "1985"]
[Annotator "TA"]
[PlyCount "119"]
[EventDate "2022.04.17"]
[EventType "swiss"]
[EventCountry "FRA"]
[SourceTitle "playchess.com"]
[Source "ChessBase"]
[SourceQuality "1"]
[TimeControl "5400+30"]

1. d4 Nf6 2. c4 g6 3. g3 Bg7 4. Bg2 O-O 5. Nc3 c5 6. d5 d6 7. Nf3 e6 8. O-O exd5 9. cxd5 a6 10. a4 Nbd7 11. Nd2 Rb8 12. Nc4 Qe7 {[%emt 0:02:39] A63: Modern Benoni: Fianchetto Variation: 9...Nbd7.} 13. Bf4 {[%emt 0:01:24] [#]} Ne5 $146 ({Predecessor:} 13... Ne8 14. a5 Ne5 15. Nxe5 Bxe5 16. Bh6 Ng7 17. Re1 b6 18. axb6 Rxb6 19. Qd2 Bd7 20. Bg5 {½-½ (29) Riazantsev,A (2708)-Kokarev,D (2639) Ekaterinburg 2013}) 14. Bxe5 dxe5 {[%emt 0:00:04] White is slightly better.} 15. a5 e4 16. Qd2 Rd8 17. Qf4 Bf5 18. Rfd1 Re8 (18... Qf8 $16 {might work better.}) 19. Nd6 $18 Bd7 (19... Rbd8 {was necessary.} 20. Nxf5 (20. Nxe8 Nxe8 21. Nxe4 Bxb2 $16) 20... gxf5 21. Qxf5 e3) 20. Nxe8 Rxe8 21. Qc7 e3 (21... Qe5 $142 22. Qxc5 Bf8) 22. f4 h5 23. d6 Qe6 24. Qxc5 h4 25. Nd5 Nh5 (25... Nxd5 $142 26. Qxd5 Qxd5 27. Bxd5 Bb5) 26. Ne7+ (26. Nc7 Qg4 27. Nxe8 hxg3 28. hxg3 (28. Nxg7 gxh2+ 29. Kxh2 Nxf4 $19) 28... Qxg3 $18) 26... Kh7 $2 (26... Kf8 27. Ra3 (27. Bxb7 hxg3 28. hxg3 Nxg3 $16) 27... hxg3 28. Rxe3 Qg4) 27. f5 Qf6 28. Qxe3 hxg3 29. hxg3 gxf5 (29... Bxf5 $142 30. Qf3 Be6 31. Qxf6 (31. Qxb7 Qg5 $18) 31... Bxf6 32. Bxb7 Bxb2 33. Bxa6 Nxg3) 30. Qf3 Qg5 31. Kf2 {[%emt 0:01:55] aiming for Rh1.} Be5 32. Rh1 Bxg3+ 33. Kf1 $2 (33. Kg1 $1 $18 {is the precise move to win.} Kh6 34. Rxh5+ $1 Qxh5 35. Qxg3) 33... Bh4 $16 {[%emt 0:00:07] [#]} 34. Rxh4 $1 Qxh4 35. Nxf5 {[%emt 0:00:13] White is more active.} (35. Qxb7 Ng3+ 36. Ke1 Bb5 $17) (35. Ra3 $16) 35... Bxf5 $14 36. Qxf5+ Kg8 (36... Kg7 $1 $11 37. Ra3 Re6) 37. Kg1 ({Better is} 37. Ra3 $16) 37... Qd4+ (37... Nf4 $5 38. d7 Nxe2+ 39. Kf1 Ng3+ 40. Kg1 Re3 $11) 38. Qf2 ({Reject} 38. e3 Rxe3 $1 39. Qf2 (39. Qg5+ Ng7 $17) 39... Nf4 $17) 38... Qxd6 39. Rf1 ({Much weaker is} 39. Bxb7 Re6 40. Rf1 Rg6+ 41. Bg2 Nf6 $15) 39... Qg6 40. Kh2 {[%emt 0:01:03] [#] Against Ng3} (40. Qf5 $11 {remains equal.}) 40... Qd6+ (40... Re5 $1 $17) 41. Kg1 $11 Re7 42. Bf3 Ng3 43. Qg2 {[%emt 0:00:25] [#]} (43. Rc1 $11) 43... Qg6 $2 (43... f5 $1 $19 {...Rg7 is the strong threat.} 44. e3 Rg7) 44. Re1 f5 45. Kf2 $36 {[%emt 0:00:16][%mdl 2048] White is more active.} f4 (45... Rg7 $11 46. Bd5+ Kf8) 46. Bd5+ (46. Qh3 $1 $14 {feels stronger.}) 46... Kg7 {[%emt 0:00:30] White must now prevent ...Qg5.} 47. Qf3 Re3 $2 (47... Qh6 $11 48. Qg4+ Kf6) 48. Qxf4 $18 Nf5 49. Qc7+ (49. Rg1 $142 Rxe2+ 50. Kxe2 Qxg1 51. Qe5+ Kh6 52. Qxf5 Qh2+ 53. Qf2 Qh5+ 54. Qf3 Qh2+ 55. Qg2) 49... Kf8 50. Qc5+ $2 (50. Rg1 Re7 51. Qc8+ Re8 52. Rxg6 Rxc8 53. Rg8+ Ke7 54. Rxc8) 50... Ke8 $2 (50... Kg7 51. Rg1 Rg3 52. Qc7+ Kf8 53. Rxg3 Nxg3 54. Qd8+ Kg7 55. Qg8+ Kh6 56. Qxg6+ Kxg6 57. Kxg3 Kg7 58. Bxb7 Kf7 59. Bxa6 Ke8) 51. Qc8+ Ke7 52. Qc7+ (52. Qxb7+ $142 Kd8 53. Qb8+ Kd7 54. Qa7+ Kd8 55. Rg1) 52... Kf8 53. Rg1 Rxe2+ 54. Kxe2 Nd4+ 55. Ke3 $2 ({Only move:} 55. Kd2 $18 Nf3+ 56. Bxf3 Qxg1 57. Qd8+ Kg7 58. Qe7+ Kh8 59. Qf6+ Qg7 60. Qxg7+ Kxg7 61. Bxb7) 55... Qxg1+ $11 {[%emt 0:00:04] The position is equal.} 56. Kd3 {[%emt 0:00:04][%csl Gd5][%cal Rc7f7] The board is on fire.} Qd1+ 57. Ke4 Qg4+ 58. Kd3 Qd1+ $1 59. Ke4 Qg4+ 60. Qf4+ {Weighted Error Value: White=0.76/Black=0.50} 1/2-1/2

[Event "French-ch Youth U18 2022"]
[Site "Agen"]
[Date "2022.04.18"]
[Round "2.6"]
[White "Tomasi, Elise"]
[Black "Bellahcene, Sofia"]
[Result "1/2-1/2"]
[ECO "A46"]
[WhiteElo "1988"]
[BlackElo "1813"]
[Annotator "TA"]
[PlyCount "50"]
[EventDate "2022.04.17"]
[EventType "swiss"]
[EventCountry "FRA"]
[SourceTitle "playchess.com"]
[Source "ChessBase"]
[SourceQuality "1"]
[TimeControl "5400+30"]

1. d4 Nf6 2. Nf3 d5 3. g3 Bf5 4. Bg2 e6 5. O-O h6 6. c4 c6 7. Nc3 Nbd7 8. Qb3 {[%emt 0:01:08] is the new trend.} Qb6 9. c5 Qa6 {[%emt 0:01:00] D11: Slav Defence: 3 Nf3 sidelines and 3...Nf6 4 e3 Bg4.} 10. Qd1 (10. Nd2 $5 ) 10... b6 11. b4 {[%emt 0:03:11][%cal Bb2b4,Bb4b5][%mdl 32] [#]} Qc4 $146 {[%emt 0:05:55] [#]} (11... Be7 $11 {keeps the balance.}) ({Predecessor:} 11... bxc5 12. bxc5 Be7 13. Re1 O-O 14. h3 Ne4 15. Bd2 Rab8 16. Qc1 Bf6 17. g4 Bh7 {0-1 (58) Almanza,R (2174)-Ruiz Sanchez,O (2420) Bogota 2013}) 12. Qb3 $1 $16 Qxb3 13. axb3 a5 14. b5 Rc8 {[%emt 0:08:15] [#]} 15. cxb6 (15. bxc6 $142 $1 Rxc6 16. Nb5) 15... Nxb6 16. Rxa5 Bb4 17. Ra6 {[%emt 0:00:11] Threatens to win with Na2.} Bxc3 18. Rxb6 cxb5 19. Ba3 $1 {[%emt 0:03:17] Black must now prevent Rc1.} b4 $1 20. Bxb4 Bxb4 21. Rxb4 O-O 22. Ne5 Rb8 $1 {[%emt 0:03:43] The position is equal.} 23. Rxb8 Rxb8 24. Rc1 Rxb3 25. f3 {[%emt 0:00:19] Rc8+ is the strong threat.} Rb1 {[%emt 0:00:17] Weighted Error Value: White=0.13 (very precise) /Black=0.19 (very precise)} 1/2-1/2

[Event "French-ch Youth U18 2022"]
[Site "Agen"]
[Date "2022.04.18"]
[Round "2.7"]
[White "Estin-Charbonnel, Lucie"]
[Black "Moracchini, Margaux"]
[Result "0-1"]
[ECO "B23"]
[WhiteElo "1537"]
[BlackElo "1994"]
[Annotator "TA"]
[PlyCount "120"]
[EventDate "2022.04.17"]
[EventType "swiss"]
[EventCountry "FRA"]
[SourceTitle "playchess.com"]
[Source "ChessBase"]
[SourceQuality "1"]
[TimeControl "5400+30"]

1. e4 c5 2. Nc3 d6 3. Bb5+ Bd7 4. Bc4 g6 5. d3 Bg7 6. f4 {[%emt 0:00:20] B23: Closed Sicilian: Lines without g3.} e6 7. Nf3 Nc6 8. O-O {[%emt 0:05:12][%cal Of4f5] The position is equal.} Nge7 {[%emt 0:06:40] Prevents f5.} 9. a3 a6 10. Bd2 b5 11. Ba2 O-O {[%emt 0:03:29] [#]} 12. Rb1 $146 ({Predecessor:} 12. h4 Nd4 13. Kf2 Rc8 14. Rh1 b4 15. axb4 cxb4 16. Ne2 Nxc2 17. Rc1 Qb6+ 18. Kg3 b3 19. Bb1 Bxb2 20. Bxc2 Bxc1 {0-1 (20) Gonzalez Cascante,R (1237)-Vivas Zamora,F (2128) San Jose 2017}) 12... Nd4 13. Kh1 Rc8 14. Ne2 Nxf3 15. Rxf3 d5 16. Ng3 Nc6 17. c3 ({Don't play} 17. exd5 exd5 18. Rf1 (18. Bxd5 Bg4 $17) 18... c4 $17) 17... c4 18. Qe1 Re8 19. Qf2 Ne7 20. Be3 Bc6 (20... cxd3 $2 21. Bb6 Rc7 22. Rxd3 $18 (22. Bxc7 Qxc7 23. exd5 Nxd5 $16)) 21. Bb6 Qd7 22. Qf1 $2 (22. Re1 $11 {and White is okay.}) 22... Qb7 23. Bg1 cxd3 24. exd5 ({White should try} 24. e5) 24... Nxd5 $17 {[%emt 0:00:51] Threatens to win with ...Red8.} 25. Bxd5 (25. Rd1 $142) 25... Bxd5 $19 ({Worse is} 25... exd5 26. Bd4 $17) 26. Rf2 (26. Rxd3 h5 27. Re1) 26... Red8 {[%emt 0:01:21] aiming for ...h5.} 27. Rd1 Bc4 28. Rfd2 Rd7 29. Qe1 Bb3 30. Rc1 Rc4 31. Be3 h5 32. h3 Qc6 33. Nf1 a5 {[%emt 0:00:58] And now ...b4 would win.} 34. Rf2 Qd5 35. Nd2 Rc8 {[%emt 0:00:23] &Nero is much more active.} 36. Kg1 (36. Nf3 $17) 36... Kh7 37. Nxb3 (37. Nf3 $17) 37... Qxb3 38. Rd1 Bf6 {[%emt 0:00:54] Strongly threatening ...Bh4.} 39. Rfd2 Qc4 ({Better is} 39... Rc6 $19 40. g4 Rd5) 40. Qf1 $17 Qb3 (40... Qa2 $17 41. Bb6 b4 42. cxb4 axb4 43. axb4 Rc4) 41. Qf2 $2 {[%emt 0:00:30][%mdl 8192] [#]} (41. Qe1 $1 $11 {and White has nothing to worry.}) 41... b4 $1 $19 42. axb4 axb4 43. cxb4 {[%emt 0:00:35] [#]} Qxb4 (43... Bxb2 $1 $19 {[%mdl 512] ...Bc1 is the strong threat.} 44. Qf1 Rc3) 44. Rxd3 $17 Rxd3 45. Rxd3 Qxb2 (45... Bxb2 {seems wilder.} 46. Rd7 Kg8 47. Qd2 Qb8) 46. Qxb2 Bxb2 $19 {[%emt 0:00:05][%mdl 4096] Endgame KRB-KRB} 47. Kf2 Kg7 48. Rd2 Bf6 49. Kf3 Rc3 50. Ke4 g5 51. fxg5 $2 {[%emt 0:00:32][%mdl 8192] [#]} (51. Ra2 $17) 51... Rxe3+ $1 $17 {[%emt 0:00:26][%mdl 512] KRB-KR} 52. Kf4 e5+ 53. Kxe3 (53. Kf5 $142 Be7 54. Rd7) 53... Bxg5+ $19 {Black is clearly winning.} 54. Kd3 Bxd2 55. Kxd2 {[%emt 0:00:03] K3P-KPP} Kf6 56. Ke3 Kf5 57. Kf3 h4 58. Ke3 e4 59. Kf2 Kf4 60. Kf1 Kg3 {[%emt 0:00:11] Weighted Error Value: White=0.55/Black=0.27 (precise)} 0-1

[Event "French-ch Youth U18 2022"]
[Site "Agen"]
[Date "2022.04.18"]
[Round "2.8"]
[White "Courjal, Pauline"]
[Black "Renaudin, Axelle"]
[Result "0-1"]
[ECO "B11"]
[WhiteElo "1976"]
[BlackElo "1591"]
[Annotator "TA"]
[PlyCount "101"]
[EventDate "2022.04.17"]
[EventType "swiss"]
[EventCountry "FRA"]
[SourceTitle "playchess.com"]
[Source "ChessBase"]
[SourceQuality "1"]
[TimeControl "5400+30"]

1. e4 c6 2. Nc3 d5 3. Nf3 Bg4 4. h3 Bxf3 5. Qxf3 e6 6. Be2 Nd7 {[%emt 0:03:44] B11: Caro-Kann: Two Knights Variation.} 7. d4 dxe4 8. Nxe4 Ngf6 {[%emt 0:00:10] White is slightly better.} 9. O-O Nxe4 10. Qxe4 Nf6 11. Qd3 Bd6 12. c4 O-O 13. Be3 Qc7 14. Bf3 Rad8 15. Qb3 Rd7 16. g3 {[%emt 0:03:00] [#]} Rfd8 $146 ({Predecessor:} 16... c5 17. Rad1 b6 18. Kg2 Rc8 19. d5 exd5 20. Bxd5 Nxd5 21. Rxd5 Rcd8 22. Rfd1 Be5 {½-½ (35) Medvegy,N (2343)-Van den Bersselaar,J (2197) Tromsoe 2010}) 17. Rfd1 Be7 18. Rac1 Qa5 19. Bg2 (19. a3 {looks sharper.} Qf5 20. Kg2 h6 21. Re1) 19... Qb4 20. Qc3 Qxc3 21. bxc3 Ne8 22. Bf3 Nd6 23. Be2 Nf5 24. Bf4 Bd6 25. Bd2 Be7 26. a4 h6 (26... e5 $5) 27. a5 c5 28. g4 Nd6 29. Be3 cxd4 ({Black should try} 29... Ne4 $14) 30. cxd4 $16 Ne8 31. Bf3 Bb4 32. Bd2 ({White should play} 32. Rb1 $16 Bxa5 33. Bxb7 (33. Rxb7 Rxb7 34. Bxb7 Bb4 $16)) 32... Bxd2 $11 33. Rxd2 b6 34. axb6 axb6 35. d5 Nf6 36. Rcd1 exd5 37. cxd5 b5 38. h4 g5 39. hxg5 hxg5 40. d6 b4 41. Bc6 Ra7 42. d7 Kf8 43. Rd6 Ke7 {[%emt 0:00:20] [#] aiming for ...Ra6.} 44. R6d4 Nxd7 (44... b3 $11) 45. Re4+ $14 ({Reject} 45. Rxb4 Ne5 46. Rxd8 Nxc6 $11) 45... Kf8 (45... Kf6 $14) 46. Rxb4 $18 Ke7 {[%emt 0:00:33] [#]} 47. Re4+ Kf8 48. Rd6 $2 (48. f3 $18) 48... Re8 $11 {[%emt 0:01:09] The position is equal.} 49. Red4 Re1+ 50. Kg2 Ne5 51. Rd8+ {[%mdl 32768] Weighted Error Value: White=0.12 (very precise) /Black=0.14 (very precise) . Loss on time!?} 0-1

[Event "French-ch Youth U18 2022"]
[Site "Agen"]
[Date "2022.04.18"]
[Round "3.1"]
[White "Girel, Joseph"]
[Black "Lafourcade, Victor"]
[Result "1-0"]
[ECO "D37"]
[WhiteElo "2394"]
[BlackElo "2055"]
[Annotator "TA"]
[PlyCount "50"]
[EventDate "2022.04.17"]
[EventType "swiss"]
[EventCountry "FRA"]
[SourceTitle "playchess.com"]
[Source "ChessBase"]
[SourceQuality "1"]
[TimeControl "5400+30"]

1. d4 Nf6 2. c4 e6 3. Nf3 d5 4. Nc3 dxc4 5. e4 b5 6. e5 {[%emt 0:00:18] D24: Queen's Gambit Accepted: 3 Nf3 Nf6 4 Nc3.} Nd5 7. Nxb5 Nb6 8. Be2 {[%emt 0:00:49] White is slightly better.} Nc6 {[%emt 0:01:48] 8...Nc6 is better than 8...Be7.} 9. O-O Be7 10. Qd2 O-O 11. Rd1 Rb8 12. Nc3 Nb4 13. Qf4 Bb7 (13... Nc2 $11 14. Rb1 Nd5 15. Nxd5 exd5) 14. Qg4 $14 {[%emt 0:03:24] Hoping for Bh6.} Kh8 {[%emt 0:09:09] [#]} 15. b3 $146 ({Predecessor:} 15. Bg5 f6 16. exf6 Bxf6 17. Be3 Nc2 18. Rac1 Nxe3 19. fxe3 Nd5 20. Kf2 Bg5 21. Nxd5 exd5 22. Rc3 Bc8 23. Qh5 g6 {0-1 (23) Livaic,L (2507)-Maghsoodloo,P (2674) Chess.com INT 2020}) 15... N4d5 16. Ne4 c3 (16... cxb3 $14 17. axb3 a6) 17. Bg5 (17. Bd3 $16) 17... h6 (17... f6 $11 18. exf6 gxf6) 18. Bxe7 Qxe7 19. Rdc1 Qa3 20. Bd1 ({But not} 20. Nxc3 $2 Nxc3 21. Rxc3 Qb2 $19) (20. Ne1 $16) 20... Qb2 (20... Rfd8 $14) 21. Rcb1 (21. Ne1 $16) 21... Qa3 22. Nh4 (22. Nc5 $14) 22... Qb4 ({Black should play} 22... Nd7 $11) 23. Nc5 {[%emt 0:02:45] [#] Strongly threatening Bc2.} Ne7 24. Bc2 Nbd5 (24... Rbd8 $142 25. Rd1 (25. Nxb7 Rxd4 26. Qe2 Rxh4 $11) 25... Nd7) 25. Nd7 {[%emt 0:00:14][%csl LRb8,LRf8] &Bianco is more active.} ({Resist} 25. Qe4 $6 g6 $11) 25... Rbd8 {[%emt 0:00:01] Weighted Error Value: White=0.26 (precise) /Black=0.31} 1-0